 Dungeon Crawl Stone Soup version 0.19-a0-1886-gd64a0f0 (webtiles) character file.

121 JeffiDaFish the Vexing (level 4, 0/32 HPs)
             Began as a Vampire Enchanter on Oct 15, 2016.
             Killed by divine providence
             ... invoked by an orc priest
              (15 damage)
             ... on level 3 of the Dungeon.
             The game lasted 00:09:37 (2556 turns).

JeffiDaFish the Vexing (Vampire Enchanter)          Turns: 2556, Time: 00:09:37

Health: 0/32       AC:  4    Str:  8    XL:     4   Next: 77%
Magic:  0/7        EV: 13    Int: 17    God:
Gold:   73         SH:  0    Dex: 14    Spells: 3 memorised, 2 levels left

rFire  x . .     SeeInvis +     f - +1 dagger (speed)
rCold  + . .     Gourm    .     b - +1 robe
rNeg   + . .     Faith    .     (no shield)
rPois  .         Spirit   .     (no helmet)
rElec  .         Dismiss  .     (no cloak)
rCorr  .         Reflect  .     (no gloves)
MR     +....     Harm     .     e - +0 pair of boots
Stlth  +++.......               (no amulet)
                                h - ring of protection from magic
                                g - ring of ice

@: no status effects
A: fangs 3, see invisible, unbreathing
a: Bat Form


You were on level 3 of the Dungeon.
You were not thirsty.

You visited 1 branch of the dungeon, and saw 3 of its levels.

You collected 73 gold pieces.

Inventory:

Hand Weapons
 a - a +1 dagger
 f - a +1 dagger of speed (weapon)
Armour
 b - a +1 robe (worn)
 e - a +0 pair of boots (worn)
Jewellery
 g - a ring of ice (left hand)
 h - a ring of protection from magic (right hand)
Wands
 l - a wand of lightning (1/15)
Scrolls
 k - a scroll of identify
Potions
 d - 22 potions of blood
Books
 c - a book of Maledictions

   Spells                             Type                      Level
   a - Corona                         Hexes                        1
   b - Ensorcelled Hibernation        Hexes/Ice                    2
   c - Confuse                        Hexes                        3
   d - Tukima's Dance                 Hexes                        3
   e - Dazzling Spray                 Conjuration/Hexes            3
 i - a book of Changes

   Spells                             Type                      Level
   a - Beastly Appendage              Transmutation                1
   b - Sticks to Snakes               Transmutation                2
   c - Spider Form                    Transmutation/Poison         3
   d - Ice Form                       Ice/Transmutation            4
   e - Blade Hands                    Transmutation                5


   Skills:
 * Level 1.0 Fighting
 + Level 2.3 Short Blades
 + Level 2.9 Dodging
 + Level 5.0 Stealth
 + Level 2.5 Spellcasting
 + Level 5.1 Hexes
 + Level 1.3 Ice Magic


You had 2 spell levels left.
You knew the following spells:

 Your Spells              Type           Power        Failure   Level  Hunger
a - Corona                Hex            ###....      2%          1    #......
b - Ensorcelled Hibernat  Hex/Ice        ###...       10%         2    ##.....
c - Confuse               Hex            ###.....     10%         3    ###....


Dungeon Overview and Level Annotations

Branches:
Dungeon (3/15)

Altars:
Okawaru


Innate Abilities, Weirdness & Mutations

You have razor-sharp teeth.
You have supernaturally acute eyesight. (SInv)
You can survive without breathing.


Message History

The orc priest resists with some effort.
The orc priest hits you but does no damage.
The orc priest mumbles some strange prayers to Beogh against you.
Beogh smites you!
You hit the orc priest.
The orc priest is lightly wounded.
The quokka barely misses you.
You barely miss the orc priest.
The orc priest is lightly wounded.
The orc priest mumbles some strange prayers to Beogh against you.
You are unaffected.
The quokka bites you but does no damage.
You hit the orc priest. You bite the orc priest.
The orc priest is moderately wounded.
You hit the orc priest.
The orc priest is heavily wounded.
The quokka bites you.
The orc priest mumbles some strange prayers to Beogh against you.
Beogh smites you!
You die...

........... ....###
...!## ####.......# ##
.....####.......# . ..#
####..).#.#.....# .##...
####.....>...##...... ##
###.#.#......#......
.####.....#.............
...)..#......#...r......
.######........<@o......
.# ###..................
####<...................
# #..#..................
###.##...........>...#..
##..##...............# .
...####..(..........##
.............#.......
........##.########


You could see an orc priest and a quokka.

Vanquished Creatures
  4 adders (D:2)
  An ooze (D:2)
  3 worms
  2 dart slugs (D:2)
  3 leopard geckos
  3 orcs (D:3)
  2 ball pythons (D:1)
  8 bats
  2 giant cockroaches (D:2)
  10 goblins
  5 hobgoblins
  3 kobolds
  3 quokkas
  5 frilled lizards
  7 rats
61 creatures vanquished.

Notes
Turn   | Place    | Note
-------+----------+-------------------------------------------
     0 | D:1      | JeffiDaFish the Vampire Enchanter began the quest for the Orb.
     0 | D:1      | Reached XP level 1. HP: 13/13 MP: 3/3
   168 | D:1      | Reached XP level 2. HP: 17/19 MP: 5/5
   488 | D:1      | Learned a level 2 spell: Ensorcelled Hibernation
  1199 | D:2      | Reached XP level 3. HP: 23/24 MP: 6/6
  1245 | D:2      | Learned a level 3 spell: Confuse
  1342 | D:2      | Reached skill level 5 in Hexes
  1394 | D:2      | Reached XP level 4. HP: 31/31 MP: 7/7
  1405 | D:2      | Reached skill level 1 in Fighting
  1533 | D:2      | Reached skill level 1 in Ice Magic
  1777 | D:3      | Reached skill level 5 in Stealth
  2094 | D:3      | Found an iron altar of Okawaru.
  2556 | D:3      | Killed from afar by an orc priest

Vault maps used:
D:1:      minmay_arrival_shattered_statue, hangedman_decor_growths
D:2:      minmay_crystal_room
D:3:      lemuel_crystal_altar, kennysheep_cross_bottleneck, minivault_26,
          nicolae_qazlal_eye_of_the_storm

Skill      XL: |  1  2  3  4 |
---------------+-------------+-----
Short Blades   | 2 |  2.3
Hexes          | 5 |  5.1
Fighting       | 1 |  1.0
Ice Magic      | 1 |  1.3
Stealth        | 5 |  5.0
Dodging        | |  2.9
Spellcasting   | |  2.5

Action                   |  1- 3 |  4- 6 || total
-------------------------+-------+-------++-------
Melee: Dagger            |   140 |   119 ||   259
       Bite              |     9 |    13 ||    22
 Cast: Ensorcelled Hiber |     1 |    15 ||    16
       Confuse           |       |     2 ||     2
  Use: Scroll            |     3 |     4 ||     7
       Potion            |     4 |     5 ||     9
 Stab: Sleeping          |     8 |     8 ||    16
Armor: Robe              |    40 |    16 ||    56
Dodge: Dodged            |   103 |    63 ||   166
